 Dungeon Crawl Stone Soup version 0.32-a0-329-ge6c31236d6 (webtiles) character file.

Game seed: 5742810020630033378

79 n00bmints the Cudgeller (level 4, -1/29 HPs)
             Began as a Gargoyle Berserker on Feb 17, 2024.
             Was a Believer of Trog.
             Killed from afar by a wretched star (10 damage)
             ... with a lance of force
             ... on level 2 of the Abyss.
             The game lasted 00:08:05 (1669 turns).

n00bmints the Cudgeller (Gargoyle Berserker)        Turns: 1669, Time: 00:08:06

Health: -1/29      AC: 10    Str: 25      XL:     4   Next: 37%
Magic:  13/13      EV: 11    Int:  8      God:    Trog [**....]
Gold:   69         SH:  0    Dex: 10 (11) Spells: 3/3 levels left

rFire   . . .        g - +8 war axe of the Transparent God {freeze, *Corrode MP+9 Str+5 SInv}
rCold   x x .        (no shield)
rNeg    + . .        e - +0 ring mail
rPois   ∞            (no helmet)
rElec   +            (no cloak)
rCorr   .            f - +0 pair of gloves
SInv    +            (no boots)
Will    .....        (no amulet) Stlth
                     (no ring)
HPRegen 0.24/turn    (no ring)
MPRegen 0.13/turn

%: corrode self (3%)
@: no status effects
A: sickness immunity, AC +3, negative energy resistance 1, electricity
resistance, torment resistance 1, petrification resistance, [deterioration 2],
[cold vulnerability 2]
a: Renounce Religion, Berserk, Trog's Hand


You were on level 2 of the Abyss.
You worshipped Trog.
Trog was pleased with you.
You visited 1 branch of the dungeon, and saw 2 of its levels.
You visited the Abyss 1 time.

You collected 69 gold pieces.

Inventory:

Hand Weapons
 a - a +0 mace
 g - the +8 war axe of the Transparent God (weapon) {freeze, *Corrode MP+9 Str+5 SInv}
   (You found it on level 2 of the Dungeon)

   Str+5:     It affects your strength (+5).
   MP+9:      It affects your magic capacity (+9).
   SInv:      It lets you see invisible.
   *Corrode:  It may corrode you when you take damage.
Armour
 e - a +0 ring mail (worn)
 f - a +0 pair of gloves (worn)
Scrolls
 b - 3 scrolls of identify {unknown}
 h - 2 scrolls of poison {unknown}
 j - a scroll of amnesia {unknown}
Potions
 c - a potion of heal wounds {unknown}
 d - a potion of haste {unknown}
 i - 2 potions of enlightenment {unknown}


   Skills:
 + Level 3.8 Fighting
 * Level 0.2(2.1) Axes
 - Level 3.9 Maces & Flails
 * Level 2.6 Armour
 * Level 2.2 Dodging


You had 3 spell levels left.
You didn't know any spells.
Your spell library was empty.

Dungeon Overview and Level Annotations

Branches:
Dungeon (2/15)

Altars:
Xom


Innate Abilities, Weirdness & Mutations

You are immune to sickness and miasma.
Your stone body is resilient. (AC +3)
You are immune to poison.
You resist negative energy. (rN+)
You are resistant to electric shocks. (rElec)
You are resistant to unholy torment.
You are immune to petrification.
[Your body often deteriorates upon taking damage.]
[You are very vulnerable to cold. (rC--)]


Message History

You slash the gnoll! You freeze the gnoll.
You kill the gnoll!
Trog accepts your kill. The gnoll hits you but does no damage.
The gnoll barely misses you. The gnoll hits you but does no damage.
The gnoll misses you.
The gnoll hits you from afar with a +0 halberd of distortion.
Your corrosive artefact corrodes you!
Space warps around you!
* * * LOW HITPOINT WARNING * * *
You are too injured to fight recklessly!
You are too injured to fight recklessly!
You are too injured to fight recklessly!
You slash the gnoll! You freeze the gnoll.
The gnoll is heavily wounded.
The gnoll barely misses you. The gnoll hits you but does no damage.
The gnoll barely misses you. The gnoll hits you with a +0 whip.
* * * LOW HITPOINT WARNING * * *
The gnoll barely misses you.
The gnoll hits you from afar with a +0 halberd of distortion.
* * * LOW HITPOINT WARNING * * *
Your corrosive artefact corrodes you!
You are cast into the Abyss!
To return, you must find a gate leading back.
Killing monsters will force the Abyss to allow you passage.
This branch contains the abyssal rune of Zot.
You feel yourself speed up.
You are no longer corroded.
You recover from your berserk rage.
A wretched star comes into view.
The wretched star pulses with an eldritch light!
You feel yourself wasting away.
You feel your body start to fall apart.
The wretched star glows turbulently.
The lance of force hits you!
* * * LOW HITPOINT WARNING * * *
Your body deteriorates!
You feel clumsy.
You are knocked back by the lance of force.
The wretched star pulses with an eldritch light!
You feel vulnerable to cold. x2
The wretched star glows turbulently.
The lance of force hits you!
You die...

#... ##...#
#.....#....
...........
#.....#...
#.......# ##..#...
#....#.# ...#.@#
##....#.##
.....#...######
......#*.......#
........######.##..
........'........ .
........######..##.
........# ##
##..##.##


You could see a wretched star.

Vanquished Creatures
  A gnoll (D:2)
  A dart slug (D:1)
  3 ball pythons
  An endoplasm (D:1)
  A giant cockroach (D:1)
  4 goblins (D:1)
  4 hobgoblins
  8 jackals (D:1)
  6 bats
  A frilled lizard (D:2)
  4 kobolds
  3 rats (D:1)
37 creatures vanquished.

Notes
Turn   | Place    | Note
-------+----------+-------------------------------------------
     0 | D:1      | n00bmints the Gargoyle Berserker began the quest for the
                  | Orb.
     0 | D:1      | Reached XP level 1. HP: 14/14 MP: 1/1
   112 | D:1      | Reached XP level 2. HP: 16/19 MP: 2/2
   296 | D:1      | Reached XP level 3. HP: 24/24 MP: 3/3
   654 | D:1      | Reached ** piety under Trog
  1082 | D:1      | Found a shimmering altar of Xom.
  1200 | D:2      | Reached XP level 4. HP: 29/29 MP: 4/4
  1207 | D:2      | Identified the +8 war axe of the Transparent God {freeze,
                  | *Corrode MP+9 Str+5 SInv}
  1593 | Abyss:2  | Cast into level 2 of the Abyss (gnoll)
  1656 | Abyss:2  | Noticed a wretched star
  1669 | Abyss:2  | Killed from afar by a wretched star

Illustrated notes

Levels and vault maps discovered:
D:1:      dpeg_arrival_lava_altar, layout_loops_corners
D:2:      layout_basic, nrook_campfire, minmay_misc_feat_columns, minmay_cupped
Abyss:2:  base: Temple, minivault_11, minivault_23

Skill      XL: |  1  2  3 |
---------------+----------+-----
Dodging        | 2 |  2.2
Fighting       | |  3.8
Axes           | |  0.2
Maces & Flails | |  3.9
Armour         | |  2.6

Action                     |  1- 3 |  4- 6 || total
---------------------------+-------+-------++-------
  Melee: Mace              |    95 |     4 ||    99
         War axe           |       |    12 ||    12
 Invoke: Berserk           |       |     1 ||     1
 Armour: Animal skin       |    43 |       ||    43
         Ring mail         |    30 |    24 ||    54
  Dodge: Dodged            |    85 |    18 ||   103

Table legend: (Time is in decaauts)
 A = Elapsed time spent in this place.
 B = Non-inter-level travel time spent in this place.
 C = Inter-level travel time spent in this place.
 D = Time resting spent in this place.
 E = Time spent auto-exploring this place.
 F = Levels seen in this place.
 G = Mean time per level.
                   A        B        C        D        E       F      G
               +--------+--------+--------+--------+--------+-----+--------+
         Total |   1703 |   1701 |      2 |      0 |    583 |   3 |  567.7 |
       Dungeon |   1618 |   1616 |      2 |      0 |    583 |   2 |  809.0 |
         Abyss |     84 |     84 |      0 |      0 |      0 |   1 |   84.0 |
               +--------+--------+--------+--------+--------+-----+--------+

Top non-repeatable levels by time:
     D:1: 1140 daAuts
     D:2: 478 daAuts
 Abyss:2: 84 daAuts
